 Dungeon Crawl Stone Soup version 0.19-a0-116-g991ba84 (webtiles) character file.

55339 AlphabetPasta the Cleaver (level 14, -10/130 HPs)
             Began as a Deep Dwarf Fighter on May 16, 2016.
             Was the Champion of Makhleb.
             Mangled by an orc warrior
             ... wielding a +0 glaive
              (26 damage)
             ... on level 2 of the Orcish Mines on May 17, 2016.
             The game lasted 02:41:38 (18802 turns).

AlphabetPasta the Cleaver (Deep Dwarf Fighter)     Turns: 18802, Time: 02:41:39

Health: -10/130    AC: 21    Str: 22    XL:     14   Next: 37%
Magic:  19/19      EV: 11    Int: 10    God:    Makhleb [******]
Gold:   1804       SH: 17    Dex: 14    Spells: 0 memorised, 13 levels left

rFire  . . .     SeeInvis +     a - +0 broad axe
rCold  + . .     Gourm    .     W - +0 plate armour {rC+}
rNeg   + . .     Faith    .     c - +1 shield
rPois  .         Spirit   .     I - +1 hat {MR+}
rElec  .         Dismiss  .     (no cloak)
rCorr  .         Reflect  +     r - +1 pair of gloves
SustAt .         Harm     .     v - +1 pair of boots
MR     ++++.                    x - +3 amulet of reflection
Stlth  ..........               M - ring of protection from magic
                                G - ring of see invisible

@: non-regenerating, incredibly resistant to hostile enchantments, extremely
unstealthy
A: damage resistance, recharge devices, horns 1, negative energy resistance 1,
sense surroundings 2, slow regeneration 3
a: Device Recharging, Minor Destruction, Lesser Servant of Makhleb, Major
Destruction, Greater Servant of Makhleb, Renounce Religion


You were on level 2 of the Orcish Mines.
You worshipped Makhleb.
Makhleb was exalted by your worship.
You were not hungry.

You visited 4 branches of the dungeon, and saw 20 of its levels.
You also visited: Ice Cave.

You collected 2266 gold pieces.
You spent 462 gold pieces at shops.

Inventory:

Hand Weapons
 a - a +0 broad axe (weapon)
 b - a +0 blowgun
 E - a +0 morningstar
 U - a +1 war axe
Missiles
 j - 40 tomahawks (quivered)
 o - 57 poisoned needles
Armour
 c - a +1 shield (worn)
 r - a +1 pair of gloves (worn)
 v - a +1 pair of boots (worn)
 H - a +0 plate armour
 I - a +1 hat of magic resistance (worn)
 W - a +0 plate armour of cold resistance (worn)
Jewellery
 p - an uncursed ring of protection from fire
 q - an uncursed ring of protection from cold
 x - a +3 amulet of reflection (around neck)
 y - an uncursed ring of fire
 G - a ring of see invisible (left hand)
 K - a +2 ring of strength
 M - a ring of protection from magic (right hand)
 O - an uncursed ring of protection from magic
 P - an uncursed ring of ice
 Y - an uncursed ring of poison resistance
Wands
 e - a wand of heal wounds (3/9)
 g - a wand of lightning (0/15)
 u - a wand of digging (6/24)
 z - a wand of flame (25/48)
 D - a wand of iceblast (0/15)
 F - a wand of hasting (1/9)
 Q - a wand of lightning (12/15)
Scrolls
 d - 3 scrolls of summoning
 h - 3 scrolls of remove curse
 l - 6 scrolls of teleportation
 n - 4 scrolls of identify
 s - a scroll of enchant weapon
 T - a scroll of fog
 X - a scroll of magic mapping
 Z - a scroll of recharging
Potions
 k - 3 potions of cancellation
 m - 4 potions of curing
 t - 6 potions of brilliance
 L - a potion of berserk rage
 S - a potion of agility
Miscellaneous
 N - a phantom mirror
 R - a stone of tremors
Comestibles
 i - 11 fruits
 w - 12 meat rations
 A - 10 bread rations
 B - 2 chunks of flesh
 C - 5 royal jellies


   Skills:
 + Level 9.6 Fighting
 + Level 12.2 Axes
 + Level 8.1 Throwing
 + Level 11.4 Armour
 + Level 10.6 Dodging
 + Level 11.5 Shields
 + Level 10.0 Invocations
 - Level 5.5 Evocations


You had 13 spell levels left.
You didn't know any spells.

Dungeon Overview and Level Annotations

Branches:
Dungeon (10/15)            Temple (1/1) D:7            Lair (7/8) D:9
 Shoals (0/4) Lair:3        Snake (0/4) Lair:6          Orc (2/2) D:10
    Elf (0/3) Orc:2
  Slime: Lair:6-8

Altars:
Ashenzari
Cheibriados
Dithmenos
Elyvilon
Fedhas
Gozag
Kikubaaqudgha
Makhleb
Nemelex Xobeh
Okawaru
Pakellas
Qazlal
Ru
Sif Muna
Trog
Vehumet
Xom
Yredelemnul
Zin
The Shining One

Shops:
D:4 }   D:5 [   D:9 *:[=


Innate Abilities, Weirdness & Mutations

You are resistant to damage.
You can recharge devices by infusing magical energy.
You resist negative energy.
You passively map the area around you.
You do not regenerate naturally.
You have a pair of small horns on your head.


Message History

You block the orc knight's attack.
The orc warrior hits you from afar with a glaive!
* * * LOW HITPOINT WARNING * * *
The orc knight hits you with a great mace.
* * * LOW HITPOINT WARNING * * *
Items here: ))) [[[ You closely miss the orc knight.
You headbutt the orc knight.
The orc knight is severely wounded.
You hit the orc warrior but do no damage.
The orc warrior closely misses you.
You hit the orc knight.
The orc knight is severely wounded.
You closely miss the orc knight. You slash the orc warrior!
The orc warrior is moderately wounded.
You block the orc knight's attack.
The orc priest invokes the aid of Beogh against you.
Beogh smites you!
* * * LOW HITPOINT WARNING * * *
The orc warrior hits you with a glaive!!
You die...

...........##..## ##......#
................# ##........
...............###### #.........
#.#.....#......#..#.####.........
#.#...................#......##..
.............)))......))....###..
#...........)o)))...#.........#.#
###.....)).)).#o)........<...####
##).......###o@o..).........#.#
###...##### #.##.##.........#..
##.......## #..#####.##........
#..#..)#..# #.## ##.#........
##.....)...## ### ##........
#...#..)#...# ##.......
#...........## ##...∩...
....#.oo#....# #........
....)))o.....# ###........


You could see 2 orc knights, an orc warrior and an orc priest.

Vanquished Creatures
  Gastronok (Lair:2)
  Kirke (Lair:6)
  An orc warlord (Orc:2)
  2 hydras
  Fannar (Lair:1)
  A centaur warrior (D:8)
  2 death yaks
  3 orc high priests (Orc:2)
  Nergalle (Lair:1)
  6 orc knights
  A necromancer (IceCv)
  7 elephants
  A griffon (Lair:5)
  2 black mambas
  A gargoyle (D:8)
  2 torpor snails (Lair:7)
  11 spiny frogs
  An ice statue (IceCv)
  10 freezing wraiths (IceCv)
  7 komodo dragons
  A queen bee (D:8)
  2 trolls
  6 polar bears
  16 blink frogs
  The ghost of AlphabetPasta the Slasher, an amateur TeGl (D:4)
  The ghost of wearedevo the Cudgeler, an amateur OgGl (D:5)
  A boulder beetle (Lair:4)
  32 yaks
  2 fire bats (Lair:3)
  9 hippogriffs
  2 hogs (Lair:6)
  A hungry ghost (D:7)
  A basilisk (Lair:7)
  A steam dragon (Lair:4)
  5 wargs
  2 nagas (Lair:6)
  14 water moccasins
  15 porcupines
  2 hell hounds (D:9)
  27 orc warriors
  5 black bears
  7 ice beasts
  3 sky beasts
  4 phantoms
  4 wolves (Lair:1)
  5 centaurs
  7 ogres
  6 crocodiles
  A big kobold (D:10)
  14 giant frogs
  An earth elemental (Orc:2)
  8 scorpions
  A water moccasin zombie (D:7)
  25 killer bees
  3 jellies
  2 howler monkeys
  5 electric eels (Lair:3)
  3 crimson imps
  A centaur zombie (D:8)
  A giant frog zombie (D:9)
  A quasit (D:6)
  A wasp zombie (D:9)
  2 draconian simulacra (IceCv)
  14 orc wizards
  23 orc priests
  A giant frog skeleton (D:5)
  6 iguanas
  Ijyb (D:3)
  A polar bear simulacrum (IceCv)
  6 worker ants
  2 spriggan simulacra (IceCv)
  4 troll simulacra (IceCv)
  3 wolf simulacra (IceCv)
  29 sheep
  5 centaur simulacra (IceCv)
  A hound zombie (D:6)
  A howler monkey zombie (D:6)
  2 worker ant zombies
  A howler monkey skeleton (D:10)
  12 adders
  3 naga simulacra (IceCv)
  4 ogre simulacra (IceCv)
  44 river rats
  3 shadow imps
  24 white imps
  An ooze (D:2)
  2 adder zombies
  An adder skeleton (D:7)
  2 worms (D:5)
  3 dart slugs
  4 giant geckos
  58 orcs
  5 giant cockroaches
  5 goblins
  6 hobgoblins
  8 jackals
  4 quokkas
  2 ball pythons
  8 bats
  A giant gecko skeleton (D:8)
  4 giant newts
  12 kobolds
  4 rats
  8 fungi
  2 plants
643 creatures vanquished.

Vanquished Creatures (collateral kills)
  2 black bears (Lair:2)
2 creatures vanquished.

Vanquished Creatures (others)
  Nessos (Lair:7)
  An orc warrior (Orc:1)
  4 centaurs
  An orc wizard (D:8)
  A sheep (Lair:4)
  A fungus (Lair:2)
  3 plants
12 creatures vanquished.

Grand Total: 657 creatures vanquished

Notes
Turn   | Place    | Note
--------------------------------------------------------------
     0 | D:1      | AlphabetPasta the Deep Dwarf Fighter began the quest for the Orb.
     0 | D:1      | Reached XP level 1. HP: 20/20 MP: 1/1
   357 | D:1      | Reached XP level 2. HP: 25/27 MP: 2/2
   726 | D:2      | Reached XP level 3. HP: 29/34 MP: 3/3
   935 | D:2      | Reached skill level 1 in Dodging
  1059 | D:2      | Reached skill level 1 in Throwing
  1142 | D:2      | Reached XP level 4. HP: 30/42 MP: 4/4
  1797 | D:3      | Noticed Ijyb
  1805 | D:3      | Killed Ijyb
  1805 | D:3      | Reached skill level 3 in Axes
  1946 | D:3      | Reached XP level 5. HP: 29/49 MP: 5/5
  2348 | D:4      | Reached skill level 5 in Fighting
  2348 | D:4      | Reached skill level 8 in Axes
  2348 | D:4      | Reached skill level 5 in Dodging
  2348 | D:4      | Reached XP level 6. HP: 35/61 MP: 6/6
  2479 | D:4      | Noticed AlphabetPasta's ghost (amateur TeGl)
  2514 | D:4      | Killed AlphabetPasta's ghost
  2615 | D:4      | Found Ramuzat's Gadget Emporium.
  2675 | D:4      | Reached XP level 7. HP: 56/68 MP: 7/7
  2902 | D:4      | Found a shadowy altar of Dithmenos.
  2936 | D:4      | Reached skill level 1 in Evocations
  3156 | D:5      | Entered Level 5 of the Dungeon
  3612 | D:5      | Found an iron altar of Okawaru.
  3612 | D:5      | Noticed wearedevo's ghost (amateur OgGl)
  3664 | D:5      | Killed wearedevo's ghost
  3664 | D:5      | Reached XP level 8. HP: 41/76 MP: 9/9
  3787 | D:5      | Found a shimmering altar of Xom.
  3809 | D:5      | Found Dauduasy's Antique Armour Shoppe.
  3812 | D:5      | Bought a pair of embroidered boots for 117 gold pieces
  4082 | D:5      | Upgraded the game from 0.19-a0-96-gda1d387 to 0.19-a0-116-g991ba84
  4119 | D:6      | Found a radiant altar of Vehumet.
  4573 | D:6      | Found a deep blue altar of Sif Muna.
  5065 | D:7      | Found a stormy altar of Qazlal.
  5274 | D:7      | Gained mutation: You passively map the area around you. [Deep Dwarf growth]
  5274 | D:7      | Reached XP level 9. HP: 29/82 MP: 10/10
  5570 | D:7      | Found a staircase to the Ecumenical Temple.
  5576 | Temple   | Entered the Ecumenical Temple
  5585 | Temple   | Became a worshipper of Makhleb the Destroyer
  5853 | D:8      | Reached skill level 9 in Axes
  5922 | D:8      | Noticed a gargoyle
  5924 | D:8      | Noticed a centaur warrior
  5997 | D:7      | Reached skill level 1 in Invocations
  6145 | D:8      | Reached * piety under Makhleb
  6453 | D:8      | Killed a centaur warrior
  6453 | D:8      | Reached XP level 10. HP: 22/92 MP: 12/12
  6486 | D:8      | Killed a gargoyle
  6486 | D:8      | Reached skill level 5 in Evocations
  6649 | D:8      | Reached ** piety under Makhleb
  7107 | D:9      | Found Soprilac's Book Shop.
  7402 | D:9      | Found Errukhli's Jewellery Shoppe.
  7410 | D:9      | Bought an uncursed ring of see invisible for 195 gold pieces
  7462 | D:9      | Found a staircase to the Lair.
  7676 | D:9      | Reached *** piety under Makhleb
  7717 | D:9      | Found Teimups's Armour Emporium.
  7815 | D:8      | Found a shattered altar of Ashenzari.
  7815 | D:8      | Found a snail-covered altar of Cheibriados.
  7884 | D:9      | Found Suran's General Store.
  7887 | D:9      | Bought a potion of haste for 150 gold pieces
  8314 | D:10     | Entered Level 10 of the Dungeon
  8614 | D:10     | Found a staircase to the Orcish Mines.
  8655 | D:10     | Reached XP level 11. HP: 47/100 MP: 13/13
  9060 | Lair:1   | Entered Level 1 of the Lair of Beasts
  9394 | Lair:1   | Reached **** piety under Makhleb
  9510 | Lair:1   | Noticed Nergalle
  9532 | Lair:1   | Killed Nergalle
  9538 | Lair:1   | Reached skill level 10 in Axes
  9538 | Lair:1   | Reached skill level 5 in Throwing
  9545 | Lair:1   | Reached skill level 5 in Invocations
  9704 | Lair:1   | Noticed Fannar
  9772 | Lair:1   | Killed Fannar
 10211 | Lair:2   | Reached XP level 12. HP: 110/110 MP: 14/14
 10259 | Lair:2   | Reached ***** piety under Makhleb
 10580 | Lair:2   | Noticed Gastronok
 10608 | Lair:2   | Killed Gastronok
 11087 | Lair:3   | Found a frozen archway.
 11131 | IceCv    | Entered an ice cave
 11136 | IceCv    | Reached skill level 10 in Shields
 11305 | IceCv    | Reached skill level 11 in Axes
 11502 | IceCv    | Found an ancient bone altar of Kikubaaqudgha.
 11561 | IceCv    | Reached skill level 10 in Armour
 11592 | IceCv    | Reached ****** piety under Makhleb
 12391 | Lair:3   | Reached XP level 13. HP: 118/118 MP: 16/16
 12517 | Lair:3   | Found a staircase to the Shoals.
 12531 | Lair:3   | Gained mutation: You have a pair of small horns on your head. [potion of beneficial mutation]
 15202 | Lair:6   | Found a staircase to the Snake Pit.
 15260 | Lair:6   | Noticed Kirke
 15273 | Lair:6   | Killed Kirke
 15660 | Lair:6   | Reached skill level 10 in Dodging
 15731 | Lair:7   | Noticed Nessos
 15743 | Lair:7   | Killed Nessos
 16607 | Lair:7   | Gained mutation: You resist negative energy. [Deep Dwarf growth]
 16607 | Lair:7   | Reached XP level 14. HP: 129/129 MP: 17/19
 16944 | Orc:1    | Entered Level 1 of the Orcish Mines
 17345 | Orc:2    | Entered Level 2 of the Orcish Mines
 17542 | Orc:2    | Noticed an orc warlord
 17579 | Orc:2    | Killed an orc warlord
 17579 | Orc:2    | Reached skill level 12 in Axes
 17653 | Orc:2    | Found a staircase to the Elven Halls.
 18595 | Orc:2    | Reached skill level 10 in Invocations
 18802 | Orc:2    | Mangled by an orc warrior

Vault maps used:
D:1:      moated_graveyard_arrival
D:2:      kennysheep_six_static_rooms
D:3:      uniq_iyjb
D:4:      grunt_dithmenos_shadows, serial_shops, nicolae_shop_behind_doors,
          first_bread
D:5:      xom_teletrap_fun, kennysheep_okawaru_gauntlet, serial_shops,
          kennysheep_mini_moat
D:6:      tgw_sif, nicolae_overflow_crystal_walls
D:7:      nicolae_qazlal_eye_of_the_storm, temple_statues
D:8:      nicolae_overflow_hidden_temple, david_nohive_1, grunt_potential
D:9:      minmay_lair_entry_lava, serial_shops, shop, kennysheep_mini,
          shop_statue, shop_statue
D:10:     minmay_orc_entry_guard_dogs
Temple:   circular_temple_12
Lair:1:   infiniplex_staircase_pool_2, uniq_fannar, uniq_nergalle
Lair:2:   beast_lair_carwin_large_1, serial_bayou_shore_b, grunt_megastairs_5,
          uniq_gastronok
Lair:3:   minmay_shoals_entry_centaurs, portal_ice_cave_entry_imps,
          serial_bayou_lake_a, serial_bayou_shore_a
Lair:4:   nicolae_quartered_pool_medium
Lair:5:   st_stairs_8, beast_lair_carwin_6
Lair:6:   guppyfry_snake_entry_garden, grunt_megastairs_1, uniq_kirke
Lair:7:   small_statue_intersection, beast_lair_carwin_2, lemuel_fruit_tree,
          uniq_nessos
Orc:2:    st_orc_pillars, abandoned_shop, minmay_orc_barracks
IceCv:    ice_cave_small_necro

Skill      XL: |  1  2  3  4  5  6  7  8  9 10 11 12 13 14 |
---------------+-------------------------------------------+-----
Fighting       | 3 5 6 7 8 9 |  9.6
Dodging        | 1 5 6 7 8 9 10 | 10.6
Throwing       | 1 2 3 4 5 6 7 8 |  8.1
Axes           | 3 8 9 10 11 12 | 12.2
Shields        | 4 6 7 8 9 10 11 | 11.5
Armour         | 6 7 8 9 10 11 | 11.4
Evocations     | 2 3 4 5 |  5.5
Invocations    | 2 4 6 7 9 10 | 10.0

Action                   |  1- 3 |  4- 6 |  7- 9 | 10-12 | 13-15 || total
-------------------------+-------+-------+-------+-------+-------++-------
Melee: War axe           |   116 |   120 |   524 |  1293 |   236 ||  2289
       Broad axe         |       |       |       |       |   787 ||   787
       Headbutt          |       |       |       |       |   267 ||   267
       Morningstar       |       |       |       |       |    17 ||    17
 Fire: Blowgun           |       |     7 |    60 |    28 |       ||    95
Throw: Tomahawk          |       |       |    23 |    52 |    37 ||   112
       Javelin           |       |       |       |    86 |    28 ||   114
Invok: Minor Destruction |       |       |       |     1 |     3 ||     4
       Major Destruction |       |       |       |       |     2 ||     2
 Abil: Device Recharging |       |       |     1 |     1 |       ||     2
Evoke: Wand              |       |     3 |    12 |    10 |    12 ||    37
  Use: Scroll            |       |     9 |     7 |     7 |     6 ||    29
       Potion            |       |     1 |     4 |     6 |     5 ||    16
 Stab: Invisible         |       |       |       |     5 |       ||     5
       Distracted        |       |       |       |     1 |       ||     1
  Eat: Chunk             |     1 |     4 |    11 |    14 |    13 ||    43
       Fruit             |       |     1 |     3 |     4 |     3 ||    11
       Beef jerky        |       |       |     1 |     1 |     2 ||     4
       Pizza             |       |       |     1 |       |     2 ||     3
       Royal jelly       |       |       |       |     2 |     1 ||     3
Armor: Scale mail        |    66 |    43 |   165 |   100 |       ||   374
       Plate armour      |       |       |       |   412 |   313 ||   725
Dodge: Dodged            |    39 |    44 |   175 |   446 |   314 ||  1018
Block: Shield            |    58 |    64 |   450 |  1168 |   872 ||  2612
       Reflection        |       |       |    11 |    33 |    19 ||    63
